3288 views
Uploaded 2020-04-30 00:20:38
Game version 1.32.4 / 1.32.5
61:54 long 3on3 ladder game on (6)Monsoon_LV
Saved by BEARAND
3288 views
Uploaded 2020-04-30 00:20:38
Game version 1.32.4 / 1.32.5
61:54 long 3on3 ladder game on (6)Monsoon_LV


125 units @ 16.4k
/ 2.6k
172 buildings @ 14.7k
/ 7.6k
ChuckleMan
(103)
(20:29) : 
| Lesser Clarity Potion | 6 | 420 |
| Healing Salve | 3 | 300 |
| Tiny Great Hall | 2 | 1200 |
| Orb of Lightning | 1 | 375 |
| Potion of Healing | 1 | 150 |
| Potion of Mana | 2 | 400 |
| Staff of Teleportation | 1 | 150 |
| Boots of Speed | 1 | 250 |
| total: | 17 | 3245g |
| Peon | 16 | 1200 | / | 0 |
| Troll Batrider | 13 | 2080 | / | 520 |
| total: | 29 | 3280g | / | 520w |
| Watch Tower | 24 | 2640 | / | 1920 |
| Altar of Storms | 1 | 180 | / | 50 |
| Orc Burrow | 5 | 800 | / | 200 |
| War Mill | 2 | 410 | / | 0 |
| Voodoo Lounge | 1 | 130 | / | 30 |
| Beastiary | 5 | 725 | / | 700 |
| Stronghold | 1 | 315 | / | 190 |
| Fortress | 1 | 325 | / | 190 |
| total: | 38 | 4885g | / | 2900w |
| 0:02 | Peon |
| 0:03 | Peon |
| 0:05 | Altar of Storms |
| 0:09 | Orc Burrow |
| 0:28 | War Mill |
| 0:39 | Peon |
| 0:48 | Peon |
| 1:07 | Peon |
| 1:21 | Voodoo Lounge |
| 1:25 | Peon |
| 1:36 | Peon |
| 1:46 | Peon |
| 1:53 | Watch Tower |
| 2:05 | Orc Burrow |
| 2:07 | Wind Walk |
| 2:12 | Peon |
| 2:24 | Lesser Clarity Potion |
| 2:24 | Lesser Clarity Potion |
| 2:25 | Healing Salve |
| 2:28 | Watch Tower |
| 2:36 | Peon |
| 3:05 | Watch Tower |
| 3:07 | Peon |
| 3:40 | Watch Tower |
| 3:50 | Stronghold |
| 4:21 | Watch Tower |
| 4:34 | Watch Tower |
| 4:36 | Orc Burrow |
| 4:38 | Spiked Barricades |
| 4:44 | Watch Tower |
| 4:52 | Critical Strike |
| 5:23 | Watch Tower |
| 5:25 | Watch Tower |
| 5:39 | Staff of Teleportation |
| 5:40 | Boots of Speed |
| 5:58 | Watch Tower |
| 6:12 | Fortress |
| 6:19 | Healing Salve |
| 6:50 | Reinforced Defenses |
| 7:15 | Beastiary |
| 7:38 | Beastiary |
| 8:26 | Troll Batrider |
| 8:38 | Wind Walk |
| 8:53 | Tiny Great Hall |
| 9:11 | Troll Batrider |
| 9:18 | Lesser Clarity Potion |
| 9:20 | Orb of Lightning |
| 10:01 | Troll Batrider |
| 10:16 | Watch Tower |
| 10:16 | Watch Tower |
| 10:20 | Troll Batrider |
| 10:24 | Peon |
| 10:24 | Peon |
| 10:50 | Troll Batrider |
| 11:14 | Liquid Fire |
| 11:42 | Watch Tower |
| 11:43 | Watch Tower |
| 11:56 | Troll Batrider |
| 12:42 | Troll Batrider |
| 12:45 | Watch Tower |
| 13:12 | Troll Batrider |
| 13:16 | Lesser Clarity Potion |
| 13:17 | Lesser Clarity Potion |
| 13:29 | Orc Burrow |
| 13:29 | Orc Burrow |
| 14:36 | Watch Tower |
| 14:36 | Watch Tower |
| 14:37 | Watch Tower |
| 15:06 | Critical Strike |
| 15:24 | Watch Tower |
| 15:25 | Watch Tower |
| 16:25 | Lesser Clarity Potion |
| 16:27 | Healing Salve |
| 16:31 | Potion of Healing |
| 16:33 | Potion of Mana |
| 16:39 | Tiny Great Hall |
| 17:03 | Peon |
| 17:03 | Peon |
| 17:03 | Peon |
| 17:05 | Watch Tower |
| 17:05 | Watch Tower |
| 17:28 | Watch Tower |
| 17:52 | Watch Tower |
| 18:24 | Troll Batrider |
| 18:24 | Troll Batrider |
| 18:24 | Troll Batrider |
| 18:56 | Troll Batrider |
| 19:00 | War Mill |
| 19:24 | Beastiary |
| 19:36 | Wind Walk |
| 19:45 | Beastiary |
| 19:46 | Beastiary |
| 20:20 | Troll Batrider |
| 20:27 | Potion of Mana |
| Right click | 1036 |
| Select group | 269 |
| Select | 132 |
| Build/train/purchase | 124 |
| Assign group | 73 |
| Use ability | 39 |
| Misc. action | 21 |
| Item give/drop | 14 |
| Resource trade | 4 |
| Esc | 2 |
| Minimap ping | 1 |
⇛
TIMG4STRok
(61:45) : 


| Orb of Corruption | 3 | 1125 |
| Lesser Clarity Potion | 4 | 280 |
| Potion of Mana | 2 | 400 |
| Potion of Healing | 1 | 150 |
| Rod of Necromancy | 1 | 150 |
| Boots of Speed | 3 | 750 |
| Staff of Teleportation | 3 | 450 |
| Circlet of Nobility | 1 | 175 |
| Staff of Sanctuary | 3 | 750 |
| total: | 21 | 4230g |
| Acolyte | 7 | 525 | / | 0 |
| Ghoul | 9 | 1080 | / | 0 |
| Obsidian Statue | 3 | 600 | / | 105 |
| Crypt Fiend | 2 | 430 | / | 80 |
| Peon | 5 | 375 | / | 0 |
| Troll Batrider | 39 | 6240 | / | 1560 |
| total: | 65 | 9250g | / | 1745w |
| Spirit Tower | 2 | 290 | / | 80 |
| Nerubian Tower | 4 | 400 | / | 80 |
| Crypt | 1 | 200 | / | 50 |
| Altar of Darkness | 1 | 180 | / | 50 |
| Ziggurat | 12 | 1800 | / | 600 |
| Necropolis | 1 | 225 | / | 0 |
| Graveyard | 2 | 430 | / | 0 |
| Tomb of Relics | 3 | 390 | / | 90 |
| Slaughterhouse | 1 | 140 | / | 135 |
| Sacrificial Pit | 1 | 75 | / | 150 |
| Halls of the Dead | 1 | 320 | / | 210 |
| Black Citadel | 1 | 325 | / | 230 |
| Watch Tower | 6 | 660 | / | 480 |
| Great Hall | 1 | 385 | / | 185 |
| Altar of Storms | 2 | 360 | / | 100 |
| Orc Burrow | 1 | 160 | / | 40 |
| Beastiary | 1 | 145 | / | 140 |
| total: | 33 | 5150g | / | 2020w |
| 0:04 | Acolyte |
| 0:04 | Acolyte |
| 0:13 | Crypt |
| 0:21 | Altar of Darkness |
| 0:37 | Ziggurat |
| 1:17 | Ghoul |
| 1:32 | Necropolis |
| 1:35 | Ghoul |
| 1:42 | Ghoul |
| 1:58 | Ghoul |
| 2:24 | Death Coil |
| 2:26 | Ghoul |
| 2:54 | Ghoul |
| 2:55 | Ghoul |
| 3:09 | Ghoul |
| 3:10 | Acolyte |
| 3:15 | Ziggurat |
| 3:38 | Graveyard |
| 4:26 | Ghoul |
| 4:53 | Halls of the Dead |
| 5:13 | Spirit Tower |
| 5:41 | Nerubian Tower |
| 6:26 | Unholy Aura |
| 7:59 | Death Coil |
| 8:06 | Black Citadel |
| 8:26 | Frost Nova |
| 8:32 | Tomb of Relics |
| 8:33 | Tomb of Relics |
| 8:39 | Ziggurat |
| 8:49 | Ziggurat |
| 9:46 | Nerubian Tower |
| 9:47 | Nerubian Tower |
| 9:58 | Boots of Speed |
| 9:58 | Staff of Teleportation |
| 10:05 | Circlet of Nobility |
| 12:01 | Boots of Speed |
| 12:01 | Staff of Teleportation |
| 12:17 | Orb of Corruption |
| 12:20 | Lesser Clarity Potion |
| 12:30 | Carrion Swarm |
| 12:37 | Slaughterhouse |
| 12:40 | Tomb of Relics |
| 13:14 | Acolyte |
| 13:14 | Acolyte |
| 13:46 | Boots of Speed |
| 13:54 | Staff of Teleportation |
| 14:25 | Frost Armor |
| 14:41 | Orb of Corruption |
| 14:47 | Acolyte |
| 14:47 | Acolyte |
| 15:08 | Orb of Corruption |
| 16:34 | Obsidian Statue |
| 16:34 | Obsidian Statue |
| 16:43 | Ziggurat |
| 16:44 | Ziggurat |
| 16:45 | Ziggurat |
| 16:45 | Ziggurat |
| 16:46 | Ziggurat |
| 16:47 | Ziggurat |
| 16:49 | Ziggurat |
| 16:50 | Ziggurat |
| 16:55 | Web |
| 16:55 | Burrow |
| 17:47 | Nerubian Tower |
| 17:48 | Spirit Tower |
| 18:30 | Staff of Sanctuary |
| 18:58 | Unholy Aura |
| 19:20 | Vampiric Aura |
| 19:47 | Creature Carapace |
| 19:47 | Unholy Strength |
| 20:46 | Peon |
| 20:46 | Peon |
| 20:46 | Peon |
| 20:47 | Peon |
| 20:47 | Peon |
| 22:22 | Frost Nova |
| 23:21 | Carrion Swarm |
| 25:03 | Improved Creature Carapace |
| 25:03 | Improved Unholy Strength |
| 25:04 | Crypt Fiend |
| 25:05 | Crypt Fiend |
| 25:41 | Great Hall |
| 26:23 | Lesser Clarity Potion |
| 26:28 | Staff of Sanctuary |
| 26:29 | Lesser Clarity Potion |
| 26:31 | Staff of Sanctuary |
| 26:34 | Potion of Mana |
| 26:39 | Potion of Healing |
| 27:00 | Watch Tower |
| 27:01 | Watch Tower |
| 27:01 | Watch Tower |
| 27:02 | Watch Tower |
| 27:04 | Watch Tower |
| 27:05 | Watch Tower |
| 28:11 | Death Coil |
| 28:46 | Frost Armor |
| 29:00 | Troll Batrider |
| 29:00 | Troll Batrider |
| 29:00 | Troll Batrider |
| 29:01 | Troll Batrider |
| 29:01 | Troll Batrider |
| 29:01 | Troll Batrider |
| 30:21 | Steel Ranged Weapons |
| 30:21 | Steel Armor |
| 31:13 | Lesser Clarity Potion |
| 31:27 | Sacrificial Pit |
| 31:50 | Altar of Storms |
| 31:51 | Beastiary |
| 32:12 | Thorium Ranged Weapons |
| 32:48 | Vampiric Aura |
| 34:10 | Advanced Creature Carapace |
| 34:11 | Advanced Unholy Strength |
| 34:13 | Creature Attack |
| 34:16 | Arcanite Ranged Weapons |
| 34:18 | Thorium Armor |
| 36:11 | Graveyard |
| 38:10 | Animate Dead |
| 38:37 | Potion of Mana |
| 38:56 | Troll Batrider |
| 38:56 | Troll Batrider |
| 38:56 | Troll Batrider |
| 38:56 | Troll Batrider |
| 38:57 | Troll Batrider |
| 38:57 | Troll Batrider |
| 38:57 | Troll Batrider |
| 38:57 | Troll Batrider |
| 40:49 | Rod of Necromancy |
| 41:11 | Troll Batrider |
| 41:11 | Troll Batrider |
| 41:11 | Troll Batrider |
| 41:11 | Troll Batrider |
| 41:11 | Troll Batrider |
| 41:41 | Frost Nova |
| 42:06 | Troll Batrider |
| 42:06 | Troll Batrider |
| 42:42 | Altar of Storms |
| 42:43 | Orc Burrow |
| 43:02 | Carrion Swarm |
| 43:15 | Ghoul Frenzy |
| 45:24 | Unholy Aura |
| 45:41 | Death and Decay |
| 45:54 | Obsidian Statue |
| 49:32 | Inferno |
| 50:40 | Troll Batrider |
| 50:40 | Troll Batrider |
| 50:40 | Troll Batrider |
| 50:41 | Troll Batrider |
| 50:41 | Troll Batrider |
| 50:41 | Troll Batrider |
| 50:41 | Troll Batrider |
| 54:26 | Frost Armor |
| 56:02 | Vampiric Aura |
| 56:14 | Death Pact |
| 57:02 | Troll Batrider |
| 57:02 | Troll Batrider |
| 57:03 | Troll Batrider |
| 57:03 | Troll Batrider |
| 57:03 | Troll Batrider |
| 57:03 | Troll Batrider |
| 57:03 | Troll Batrider |
| 57:03 | Troll Batrider |
| 59:49 | Troll Batrider |
| 59:49 | Troll Batrider |
| 59:49 | Troll Batrider |
| Right click | 4155 |
| Select group | 2768 |
| Select | 614 |
| Use ability | 381 |
| Build/train/purchase | 284 |
| Misc. action | 86 |
| Chat | 75 |
| Minimap ping | 56 |
| Resource trade | 50 |
| Assign group | 40 |
| Item give/drop | 17 |
| Esc | 15 |
| Remove unit | 1 |



| Potion of Healing | 2 | 300 |
| Scroll of Regeneration | 2 | 200 |
| Lesser Clarity Potion | 2 | 140 |
| Staff of Sanctuary | 3 | 750 |
| Orb of Fire | 2 | 650 |
| Boots of Speed | 3 | 750 |
| Staff of Teleportation | 3 | 450 |
| Periapt of Vitality | 1 | 325 |
| total: | 18 | 3565g |
| Peasant | 18 | 1350 | / | 0 |
| Priest | 1 | 135 | / | 10 |
| Dragonhawk Rider | 12 | 2400 | / | 360 |
| total: | 31 | 3885g | / | 370w |
| Scout Tower | 86 | 2580 | / | 1720 |
| Arcane Tower | 4 | 280 | / | 200 |
| Guard Tower | 61 | 4270 | / | 3050 |
| Altar of Kings | 1 | 180 | / | 50 |
| Farm | 5 | 400 | / | 100 |
| Lumber Mill | 1 | 120 | / | 0 |
| Arcane Vault | 2 | 260 | / | 60 |
| Town Hall | 1 | 385 | / | 205 |
| Blacksmith | 1 | 140 | / | 60 |
| Barracks | 1 | 160 | / | 60 |
| Arcane Sanctum | 1 | 150 | / | 140 |
| Gryphon Aviary | 2 | 280 | / | 300 |
| Keep | 1 | 320 | / | 210 |
| Castle | 1 | 360 | / | 210 |
| total: | 101 | 4655g | / | 2695w |
| 0:01 | Peasant |
| 0:01 | Peasant |
| 0:02 | Peasant |
| 0:07 | Altar of Kings |
| 0:17 | Farm |
| 0:23 | Peasant |
| 0:50 | Peasant |
| 0:55 | Lumber Mill |
| 0:56 | Peasant |
| 1:21 | Peasant |
| 1:28 | Scout Tower |
| 1:40 | Farm |
| 1:40 | Peasant |
| 1:41 | Peasant |
| 1:51 | Scout Tower |
| 1:52 | Peasant |
| 1:53 | Peasant |
| 1:57 | Arcane Tower |
| 2:00 | Scout Tower |
| 2:02 | Peasant |
| 2:07 | Blizzard |
| 2:20 | Arcane Tower |
| 2:21 | Scout Tower |
| 2:23 | Peasant |
| 2:24 | Peasant |
| 2:24 | Peasant |
| 2:30 | Guard Tower |
| 2:33 | Scout Tower |
| 2:44 | Scout Tower |
| 3:01 | Guard Tower |
| 3:03 | Scout Tower |
| 3:03 | Scout Tower |
| 3:04 | Scout Tower |
| 3:23 | Guard Tower |
| 3:25 | Scout Tower |
| 3:25 | Scout Tower |
| 3:26 | Scout Tower |
| 3:34 | Guard Tower |
| 3:53 | Guard Tower |
| 4:18 | Keep |
| 4:20 | Guard Tower |
| 4:21 | Scout Tower |
| 4:22 | Scout Tower |
| 4:25 | Farm |
| 4:26 | Farm |
| 4:46 | Improved Masonry |
| 4:48 | Guard Tower |
| 4:48 | Guard Tower |
| 4:51 | Scout Tower |
| 4:56 | Scout Tower |
| 5:18 | Guard Tower |
| 5:20 | Guard Tower |
| 5:21 | Guard Tower |
| 5:24 | Scout Tower |
| 5:26 | Scout Tower |
| 5:46 | Guard Tower |
| 5:48 | Scout Tower |
| 5:49 | Scout Tower |
| 5:55 | Guard Tower |
| 6:08 | Brilliance Aura |
| 6:18 | Scout Tower |
| 6:20 | Scout Tower |
| 6:21 | Scout Tower |
| 6:21 | Guard Tower |
| 6:32 | Guard Tower |
| 6:33 | Scout Tower |
| 6:33 | Scout Tower |
| 6:58 | Boots of Speed |
| 7:11 | Arcane Vault |
| 7:15 | Arcane Vault |
| 7:23 | Guard Tower |
| 7:41 | Advanced Masonry |
| 7:47 | Storm Bolt |
| 8:33 | Town Hall |
| 8:51 | Guard Tower |
| 8:51 | Guard Tower |
| 8:53 | Scout Tower |
| 8:53 | Scout Tower |
| 9:02 | Potion of Healing |
| 9:02 | Potion of Healing |
| 9:18 | Bash |
| 9:38 | Scroll of Regeneration |
| 9:43 | Lesser Clarity Potion |
| 9:46 | Guard Tower |
| 9:50 | Guard Tower |
| 9:54 | Scout Tower |
| 9:54 | Scout Tower |
| 9:59 | Blizzard |
| 10:14 | Guard Tower |
| 10:16 | Castle |
| 10:18 | Improved Lumber Harvesting |
| 10:48 | Guard Tower |
| 11:03 | Arcane Tower |
| 11:03 | Guard Tower |
| 11:04 | Peasant |
| 11:05 | Peasant |
| 11:36 | Arcane Sanctum |
| 11:53 | Scroll of Regeneration |
| 11:56 | Lesser Clarity Potion |
| 12:05 | Peasant |
| 12:31 | Scout Tower |
| 12:32 | Scout Tower |
| 12:32 | Scout Tower |
| 12:50 | Magic Sentry |
| 12:50 | Priest |
| 12:54 | Staff of Sanctuary |
| 12:56 | Staff of Sanctuary |
| 13:28 | Orb of Fire |
| 13:36 | Orb of Fire |
| 13:39 | Holy Light |
| 13:52 | Imbued Masonry |
| 14:27 | Guard Tower |
| 14:31 | Scout Tower |
| 14:31 | Scout Tower |
| 14:32 | Scout Tower |
| 14:32 | Scout Tower |
| 14:34 | Gryphon Aviary |
| 14:35 | Gryphon Aviary |
| 14:36 | Blacksmith |
| 14:36 | Barracks |
| 14:37 | Farm |
| 14:41 | Scout Tower |
| 14:41 | Scout Tower |
| 14:42 | Scout Tower |
| 14:43 | Scout Tower |
| 14:44 | Scout Tower |
| 14:49 | Boots of Speed |
| 14:49 | Staff of Teleportation |
| 14:49 | Boots of Speed |
| 15:00 | Staff of Sanctuary |
| 15:12 | Advanced Lumber Harvesting |
| 16:30 | Guard Tower |
| 16:32 | Scout Tower |
| 16:33 | Scout Tower |
| 16:33 | Scout Tower |
| 16:33 | Scout Tower |
| 16:54 | Animal War Training |
| 17:03 | Staff of Teleportation |
| 17:22 | Dragonhawk Rider |
| 17:25 | Studded Leather Armor |
| 17:25 | Iron Forged Swords |
| 17:35 | Scout Tower |
| 17:36 | Scout Tower |
| 17:38 | Scout Tower |
| 17:38 | Scout Tower |
| 17:39 | Priest Adept Training |
| 17:45 | Guard Tower |
| 17:45 | Guard Tower |
| 17:46 | Guard Tower |
| 17:50 | Scout Tower |
| 17:51 | Scout Tower |
| 17:51 | Scout Tower |
| 17:52 | Scout Tower |
| 18:02 | Dragonhawk Rider |
| 18:02 | Dragonhawk Rider |
| 18:03 | Dragonhawk Rider |
| 18:24 | Divine Shield |
| 18:24 | Holy Light |
| 18:31 | Storm Bolt |
| 19:52 | Guard Tower |
| 19:52 | Guard Tower |
| 20:11 | Staff of Teleportation |
| 20:13 | Periapt of Vitality |
| 20:49 | Guard Tower |
| 20:54 | Scout Tower |
| 20:55 | Scout Tower |
| 20:55 | Scout Tower |
| 20:55 | Scout Tower |
| 21:16 | Scout Tower |
| 21:17 | Scout Tower |
| 21:26 | Guard Tower |
| 21:35 | Guard Tower |
| 22:28 | Bash |
| 22:31 | Brilliance Aura |
| 22:51 | Cloud |
| 22:51 | Storm Hammers |
| 23:39 | Guard Tower |
| 23:40 | Scout Tower |
| 23:41 | Scout Tower |
| 23:44 | Scout Tower |
| 23:44 | Scout Tower |
| 23:49 | Steel Forged Swords |
| 23:49 | Reinforced Leather Armor |
| 24:35 | Guard Tower |
| 24:49 | Divine Shield |
| 25:08 | Guard Tower |
| 25:09 | Guard Tower |
| 25:09 | Scout Tower |
| 25:10 | Scout Tower |
| 25:10 | Scout Tower |
| 25:10 | Scout Tower |
| 25:36 | Guard Tower |
| 25:36 | Guard Tower |
| 25:37 | Scout Tower |
| 25:38 | Scout Tower |
| 25:38 | Scout Tower |
| 25:38 | Scout Tower |
| 25:38 | Scout Tower |
| 25:38 | Scout Tower |
| 25:40 | Guard Tower |
| 26:15 | Guard Tower |
| 26:33 | Guard Tower |
| 26:56 | Mithril Forged Swords |
| 26:56 | Dragonhide Armor |
| 27:01 | Guard Tower |
| 27:02 | Scout Tower |
| 27:03 | Scout Tower |
| 27:03 | Scout Tower |
| 27:04 | Scout Tower |
| 27:04 | Scout Tower |
| 27:12 | Guard Tower |
| 27:21 | Guard Tower |
| 29:56 | Blizzard |
| 30:17 | Storm Bolt |
| 31:49 | Dragonhawk Rider |
| 32:12 | Dragonhawk Rider |
| 32:57 | Holy Light |
| 33:27 | Guard Tower |
| 33:28 | Guard Tower |
| 34:04 | Scout Tower |
| 34:05 | Scout Tower |
| 34:05 | Scout Tower |
| 34:05 | Scout Tower |
| 35:01 | Guard Tower |
| 35:31 | Arcane Tower |
| 37:17 | Guard Tower |
| 39:16 | Scout Tower |
| 39:16 | Scout Tower |
| 39:44 | Guard Tower |
| 41:27 | Mass Teleport |
| 41:29 | Divine Shield |
| 41:37 | Avatar |
| 42:03 | Dragonhawk Rider |
| 42:03 | Dragonhawk Rider |
| 42:06 | Guard Tower |
| 42:12 | Scout Tower |
| 42:13 | Scout Tower |
| 43:18 | Guard Tower |
| 43:43 | Brilliance Aura |
| 45:32 | Bash |
| 46:01 | Devotion Aura |
| 46:18 | Dragonhawk Rider |
| 46:19 | Dragonhawk Rider |
| 46:19 | Dragonhawk Rider |
| 48:35 | Dragonhawk Rider |
| 51:21 | Summon Water Elemental |
| 52:13 | Thunder Clap |
| 52:13 | Thunder Clap |
| 52:13 | Thunder Clap |
| 52:14 | Thunder Clap |
| 52:14 | Thunder Clap |
| 52:17 | Thunder Clap |
| 52:18 | Thunder Clap |
| 52:18 | Thunder Clap |
| 52:18 | Thunder Clap |
| 52:19 | Thunder Clap |
| 54:27 | Devotion Aura |
| 55:56 | Bladestorm |
| Right click | 5718 |
| Select group | 1705 |
| Select | 1246 |
| Chat | 616 |
| Build/train/purchase | 475 |
| Use ability | 266 |
| Misc. action | 86 |
| Minimap ping | 38 |
| Assign group | 29 |
| Item give/drop | 6 |
275 units @ 40.4k
/ 5.8k
145 buildings @ 14.8k
/ 7.4k



| Scroll of Regeneration | 4 | 400 |
| Potion of Healing | 4 | 600 |
| Staff of Sanctuary | 1 | 250 |
| Scroll of Healing | 10 | 2500 |
| Scroll of Town Portal | 2 | 700 |
| Potion of Lesser Invulnerability | 3 | 450 |
| Potion of Invisibility | 1 | 100 |
| Periapt of Vitality | 1 | 325 |
| total: | 26 | 5325g |
| Peasant | 41 | 3075 | / | 0 |
| Footman | 2 | 270 | / | 0 |
| Rifleman | 5 | 1025 | / | 150 |
| Priest | 1 | 135 | / | 10 |
| Sorceress | 1 | 155 | / | 20 |
| Flying Machine | 1 | 100 | / | 30 |
| Dragonhawk Rider | 30 | 6000 | / | 900 |
| total: | 81 | 10760g | / | 1110w |
| Scout Tower | 71 | 2130 | / | 1420 |
| Arcane Tower | 5 | 350 | / | 250 |
| Guard Tower | 31 | 2170 | / | 1550 |
| Altar of Kings | 1 | 180 | / | 50 |
| Barracks | 1 | 160 | / | 60 |
| Farm | 11 | 880 | / | 220 |
| Blacksmith | 1 | 140 | / | 60 |
| Arcane Vault | 2 | 260 | / | 60 |
| Lumber Mill | 2 | 240 | / | 0 |
| Town Hall | 3 | 1155 | / | 615 |
| Cannon Tower | 9 | 1080 | / | 900 |
| Arcane Sanctum | 1 | 150 | / | 140 |
| Gryphon Aviary | 5 | 700 | / | 750 |
| Workshop | 1 | 140 | / | 140 |
| Keep | 1 | 320 | / | 210 |
| Castle | 2 | 720 | / | 420 |
| total: | 99 | 6135g | / | 3515w |
| 0:05 | Peasant |
| 0:05 | Peasant |
| 0:06 | Peasant |
| 0:07 | Peasant |
| 0:07 | Peasant |
| 0:22 | Altar of Kings |
| 0:42 | Barracks |
| 0:53 | Farm |
| 1:10 | Farm |
| 1:22 | Peasant |
| 1:34 | Farm |
| 1:39 | Peasant |
| 1:48 | Footman |
| 2:05 | Scout Tower |
| 2:08 | Footman |
| 2:31 | Peasant |
| 2:32 | Peasant |
| 2:32 | Peasant |
| 2:32 | Peasant |
| 2:34 | Summon Water Elemental |
| 2:43 | Arcane Tower |
| 2:44 | Peasant |
| 2:45 | Peasant |
| 3:05 | Keep |
| 3:58 | Blacksmith |
| 4:13 | Farm |
| 4:27 | Arcane Vault |
| 4:50 | Lumber Mill |
| 5:14 | Scout Tower |
| 5:17 | Farm |
| 5:32 | Rifleman |
| 5:39 | Long Rifles |
| 5:45 | Farm |
| 6:03 | Castle |
| 6:22 | Brilliance Aura |
| 6:25 | Scroll of Regeneration |
| 7:21 | Town Hall |
| 7:24 | Scout Tower |
| 7:45 | Rifleman |
| 7:54 | Arcane Sanctum |
| 8:18 | Improved Lumber Harvesting |
| 8:23 | Rifleman |
| 8:50 | Scout Tower |
| 9:12 | Summon Water Elemental |
| 9:16 | Scroll of Healing |
| 9:22 | Summon Water Elemental |
| 9:40 | Siphon Mana |
| 9:46 | Rifleman |
| 9:48 | Priest Adept Training |
| 9:48 | Priest |
| 10:04 | Peasant |
| 10:04 | Peasant |
| 10:24 | Rifleman |
| 10:44 | Gryphon Aviary |
| 10:44 | Gryphon Aviary |
| 10:46 | Gryphon Aviary |
| 10:51 | Advanced Lumber Harvesting |
| 11:01 | Peasant |
| 11:11 | Sorceress |
| 11:51 | Guard Tower |
| 11:55 | Gryphon Aviary |
| 11:58 | Black Gunpowder |
| 12:12 | Potion of Lesser Invulnerability |
| 12:12 | Scroll of Healing |
| 12:12 | Scroll of Healing |
| 12:12 | Scroll of Healing |
| 13:11 | Flame Strike |
| 13:13 | Guard Tower |
| 13:16 | Scout Tower |
| 13:27 | Farm |
| 13:50 | Guard Tower |
| 13:52 | Improved Masonry |
| 13:54 | Studded Leather Armor |
| 13:54 | Reinforced Leather Armor |
| 14:13 | Farm |
| 14:34 | Arcane Tower |
| 14:36 | Scout Tower |
| 14:39 | Magic Sentry |
| 14:53 | Workshop |
| 15:00 | Scout Tower |
| 15:00 | Scout Tower |
| 15:00 | Scout Tower |
| 15:01 | Scout Tower |
| 15:01 | Scout Tower |
| 15:17 | Scout Tower |
| 15:50 | Peasant |
| 15:50 | Peasant |
| 15:50 | Peasant |
| 16:12 | Flying Machine |
| 16:36 | Peasant |
| 16:36 | Peasant |
| 16:37 | Peasant |
| 16:37 | Peasant |
| 16:45 | Peasant |
| 16:45 | Peasant |
| 16:46 | Peasant |
| 16:55 | Guard Tower |
| 17:40 | Advanced Masonry |
| 17:43 | Peasant |
| 18:00 | Cannon Tower |
| 18:14 | Cloud |
| 18:21 | Guard Tower |
| 19:05 | Scroll of Town Portal |
| 19:06 | Potion of Healing |
| 19:08 | Scroll of Regeneration |
| 19:16 | Potion of Healing |
| 19:25 | Town Hall |
| 19:27 | Scout Tower |
| 19:27 | Scout Tower |
| 19:28 | Scout Tower |
| 19:54 | Gryphon Aviary |
| 21:22 | Holy Light |
| 21:39 | Arcane Tower |
| 21:42 | Scout Tower |
| 21:56 | Potion of Lesser Invulnerability |
| 21:57 | Scroll of Healing |
| 21:57 | Scroll of Healing |
| 22:28 | Guard Tower |
| 23:33 | Cannon Tower |
| 23:37 | Peasant |
| 23:38 | Peasant |
| 23:38 | Peasant |
| 23:38 | Peasant |
| 23:38 | Peasant |
| 23:38 | Peasant |
| 23:38 | Peasant |
| 24:00 | Imbued Masonry |
| 24:13 | Scout Tower |
| 24:28 | Scout Tower |
| 24:28 | Scout Tower |
| 24:28 | Scout Tower |
| 24:30 | Scout Tower |
| 24:30 | Scout Tower |
| 24:31 | Scout Tower |
| 24:33 | Scout Tower |
| 24:33 | Scout Tower |
| 24:34 | Scout Tower |
| 24:40 | Scout Tower |
| 24:41 | Scout Tower |
| 24:41 | Scout Tower |
| 24:52 | Scout Tower |
| 24:53 | Scout Tower |
| 24:53 | Scout Tower |
| 24:53 | Scout Tower |
| 24:58 | Scout Tower |
| 25:02 | Dragonhawk Rider |
| 25:02 | Dragonhawk Rider |
| 25:02 | Dragonhawk Rider |
| 25:02 | Dragonhawk Rider |
| 25:16 | Guard Tower |
| 25:32 | Guard Tower |
| 25:43 | Farm |
| 25:44 | Farm |
| 25:46 | Guard Tower |
| 25:55 | Farm |
| 26:15 | Guard Tower |
| 27:16 | Scout Tower |
| 27:17 | Scout Tower |
| 27:17 | Scout Tower |
| 27:18 | Scout Tower |
| 27:20 | Scout Tower |
| 27:20 | Scout Tower |
| 27:22 | Scout Tower |
| 28:40 | Guard Tower |
| 28:43 | Scout Tower |
| 28:44 | Scout Tower |
| 28:44 | Scout Tower |
| 28:45 | Scout Tower |
| 28:57 | Peasant |
| 28:57 | Peasant |
| 28:57 | Peasant |
| 28:58 | Peasant |
| 28:58 | Peasant |
| 29:21 | Guard Tower |
| 29:52 | Cannon Tower |
| 30:33 | Potion of Lesser Invulnerability |
| 30:39 | Town Hall |
| 30:42 | Scout Tower |
| 30:44 | Arcane Tower |
| 30:53 | Dragonhawk Rider |
| 30:53 | Dragonhawk Rider |
| 31:05 | Peasant |
| 31:17 | Cannon Tower |
| 31:24 | Dragonhawk Rider |
| 31:24 | Dragonhawk Rider |
| 31:28 | Dragonhawk Rider |
| 31:28 | Dragonhawk Rider |
| 31:37 | Guard Tower |
| 31:49 | Dragonhawk Rider |
| 31:58 | Arcane Vault |
| 32:01 | Scroll of Healing |
| 32:02 | Scroll of Healing |
| 32:16 | Dragonhawk Rider |
| 32:16 | Dragonhawk Rider |
| 32:16 | Dragonhawk Rider |
| 32:21 | Scout Tower |
| 32:29 | Lumber Mill |
| 32:43 | Scout Tower |
| 32:43 | Scout Tower |
| 32:44 | Scout Tower |
| 32:44 | Scout Tower |
| 32:45 | Scout Tower |
| 32:45 | Scout Tower |
| 32:46 | Scout Tower |
| 34:06 | Guard Tower |
| 34:11 | Peasant |
| 34:13 | Scout Tower |
| 34:13 | Scout Tower |
| 34:14 | Scout Tower |
| 34:38 | Cannon Tower |
| 34:40 | Guard Tower |
| 35:12 | Scout Tower |
| 35:15 | Guard Tower |
| 35:27 | Refined Gunpowder |
| 35:27 | Dragonhide Armor |
| 35:32 | Scout Tower |
| 35:34 | Guard Tower |
| 35:42 | Guard Tower |
| 36:42 | Guard Tower |
| 37:22 | Scroll of Town Portal |
| 37:23 | Potion of Healing |
| 37:23 | Potion of Healing |
| 37:28 | Staff of Sanctuary |
| 37:36 | Scout Tower |
| 39:18 | Dragonhawk Rider |
| 39:35 | Imbued Gunpowder |
| 39:51 | Scroll of Healing |
| 39:52 | Potion of Invisibility |
| 40:11 | Dragonhawk Rider |
| 40:27 | Periapt of Vitality |
| 40:27 | Scroll of Healing |
| 40:54 | Dragonhawk Rider |
| 42:37 | Dragonhawk Rider |
| 43:18 | Dragonhawk Rider |
| 45:55 | Dragonhawk Rider |
| 45:55 | Dragonhawk Rider |
| 45:55 | Dragonhawk Rider |
| 45:55 | Dragonhawk Rider |
| 46:47 | Dragonhawk Rider |
| 46:47 | Dragonhawk Rider |
| 48:35 | Scroll of Regeneration |
| 48:47 | Dragonhawk Rider |
| 50:27 | Guard Tower |
| 50:46 | Scout Tower |
| 51:41 | Cannon Tower |
| 51:42 | Scout Tower |
| 52:20 | Cannon Tower |
| 52:38 | Scroll of Regeneration |
| 52:50 | Dragonhawk Rider |
| 53:16 | Dragonhawk Rider |
| 53:16 | Dragonhawk Rider |
| 54:45 | Dragonhawk Rider |
| 56:13 | Scout Tower |
| 56:16 | Scout Tower |
| 56:19 | Scout Tower |
| 56:19 | Scout Tower |
| 56:20 | Scout Tower |
| 56:22 | Scout Tower |
| 56:23 | Scout Tower |
| 56:24 | Scout Tower |
| 56:24 | Scout Tower |
| Right click | 1776 |
| Select | 938 |
| Build/train/purchase | 325 |
| Select group | 314 |
| Misc. action | 249 |
| Use ability | 96 |
| Assign group | 59 |
| Minimap ping | 37 |
| Esc | 14 |
| Item give/drop | 5 |
| Remove unit | 4 |


| Peon | 15 | 1125 | / | 0 |
| Troll Headhunter | 9 | 1260 | / | 180 |
| Shaman | 17 | 2210 | / | 340 |
| Troll Berserker | 7 | 980 | / | 140 |
| Demolisher | 9 | 1980 | / | 450 |
| Grunt | 2 | 400 | / | 0 |
| total: | 59 | 7955g | / | 1110w |
| Altar of Storms | 1 | 180 | / | 50 |
| Orc Burrow | 8 | 1280 | / | 320 |
| War Mill | 2 | 410 | / | 0 |
| Barracks | 2 | 360 | / | 100 |
| Great Hall | 2 | 770 | / | 370 |
| Spirit Lodge | 1 | 150 | / | 150 |
| Stronghold | 1 | 315 | / | 190 |
| Fortress | 1 | 325 | / | 190 |
| total: | 16 | 3150g | / | 990w |
| 0:07 | Altar of Storms |
| 0:08 | Orc Burrow |
| 0:09 | Peon |
| 0:09 | Peon |
| 0:28 | Peon |
| 0:30 | Peon |
| 0:57 | Peon |
| 0:58 | Peon |
| 0:59 | Peon |
| 1:17 | War Mill |
| 1:31 | Barracks |
| 1:57 | Barracks |
| 2:04 | Orc Burrow |
| 2:18 | Feral Spirit |
| 2:42 | Troll Headhunter |
| 3:02 | Troll Headhunter |
| 3:08 | Orc Burrow |
| 3:14 | Troll Headhunter |
| 3:38 | Troll Headhunter |
| 3:56 | Troll Headhunter |
| 4:26 | Stronghold |
| 4:45 | Chain Lighting |
| 4:53 | Orc Burrow |
| 4:57 | Steel Ranged Weapons |
| 6:01 | Troll Headhunter |
| 6:04 | Steel Armor |
| 6:08 | Orc Burrow |
| 6:41 | Feral Spirit |
| 7:04 | Spirit Lodge |
| 7:11 | Troll Regeneration |
| 7:52 | Chain Lighting |
| 8:10 | Critical Strike |
| 8:12 | Troll Headhunter |
| 8:14 | Troll Headhunter |
| 8:21 | Shaman Adept Training |
| 9:31 | Fortress |
| 9:34 | Shaman |
| 9:34 | Shaman |
| 9:35 | Shaman |
| 9:40 | Orc Burrow |
| 10:20 | Troll Headhunter |
| 11:11 | Thorium Ranged Weapons |
| 11:14 | Shaman |
| 11:55 | Berserker Upgrade |
| 12:43 | Mirror Image |
| 13:11 | Orc Burrow |
| 13:13 | Shaman Master Training |
| 13:15 | Troll Berserker |
| 13:16 | Troll Berserker |
| 13:57 | War Mill |
| 14:14 | Peon |
| 14:37 | Shaman |
| 14:38 | Shaman |
| 15:18 | Peon |
| 15:18 | Peon |
| 15:26 | Arcanite Ranged Weapons |
| 16:18 | Great Hall |
| 16:46 | Peon |
| 16:49 | Peon |
| 17:54 | Burning Oil |
| 17:58 | Thorium Armor |
| 19:22 | Troll Berserker |
| 21:13 | Arcanite Armor |
| 21:16 | Demolisher |
| 21:17 | Demolisher |
| 21:26 | Orc Burrow |
| 24:30 | Troll Berserker |
| 24:31 | Grunt |
| 24:34 | Peon |
| 24:34 | Peon |
| 24:35 | Peon |
| 24:48 | Shaman |
| 25:40 | Grunt |
| 25:49 | Demolisher |
| 26:35 | Demolisher |
| 26:43 | Shaman |
| 26:44 | Shaman |
| 27:49 | Shaman |
| 29:12 | Demolisher |
| 29:54 | Feral Spirit |
| 34:08 | Troll Berserker |
| 34:09 | Troll Berserker |
| 34:11 | Demolisher |
| 34:22 | Shaman |
| 34:22 | Shaman |
| 34:22 | Shaman |
| 34:23 | Shaman |
| 34:24 | Shaman |
| 35:21 | Great Hall |
| 36:59 | Shaman |
| 37:11 | Troll Berserker |
| 37:15 | Shaman |
| 38:03 | Demolisher |
| 39:45 | Demolisher |
| 42:49 | Demolisher |
| Select group | 454 |
| Select | 431 |
| Misc. action | 400 |
| Build/train/purchase | 118 |
| Chat | 117 |
| Assign group | 68 |
| Use ability | 24 |
| Esc | 20 |
| Minimap ping | 11 |
| Right click | 6 |
| Remove unit | 3 |


| Scroll of Town Portal | 2 | 700 |
| Potion of Lesser Invulnerability | 6 | 900 |
| Boots of Speed | 1 | 250 |
| total: | 9 | 1850g |
| Wisp | 52 | 3120 | / | 0 |
| Huntress | 12 | 2340 | / | 240 |
| Chimaera | 32 | 10560 | / | 2240 |
| Hippogryph | 12 | 1920 | / | 240 |
| Dryad | 8 | 1160 | / | 480 |
| Troll Berserker | 11 | 1540 | / | 220 |
| Shaman | 8 | 1040 | / | 160 |
| total: | 135 | 21680g | / | 3580w |
| Moon Well | 8 | 1440 | / | 320 |
| Altar of Elders | 1 | 180 | / | 50 |
| Hunter's Hall | 1 | 210 | / | 100 |
| Ancient of War | 8 | 1200 | / | 480 |
| Tree of Life | 4 | 1360 | / | 740 |
| Ancient of Wonders | 1 | 90 | / | 30 |
| Ancient of Wind | 3 | 450 | / | 420 |
| Ancient of Lore | 1 | 155 | / | 145 |
| Chimaera Roost | 3 | 420 | / | 570 |
| Tree of Ages | 2 | 640 | / | 360 |
| Tree of Eternity | 2 | 660 | / | 400 |
| total: | 30 | 5505g | / | 2855w |
| 0:05 | Wisp |
| 0:05 | Wisp |
| 0:05 | Wisp |
| 0:22 | Moon Well |
| 0:24 | Altar of Elders |
| 0:29 | Wisp |
| 0:30 | Wisp |
| 0:30 | Wisp |
| 0:30 | Wisp |
| 1:21 | Wisp |
| 1:21 | Wisp |
| 1:21 | Wisp |
| 1:30 | Hunter's Hall |
| 1:49 | Ancient of War |
| 1:57 | Wisp |
| 1:58 | Wisp |
| 2:03 | Moon Well |
| 2:21 | Ancient of War |
| 2:28 | Wisp |
| 2:28 | Wisp |
| 2:28 | Wisp |
| 2:28 | Wisp |
| 2:43 | Mana Burn |
| 2:55 | Huntress |
| 2:55 | Huntress |
| 3:04 | Moon Well |
| 3:26 | Huntress |
| 3:54 | Huntress |
| 4:16 | Huntress |
| 4:16 | Huntress |
| 4:19 | Evasion |
| 4:21 | Sentinel |
| 4:32 | Huntress |
| 4:32 | Huntress |
| 4:48 | Huntress |
| 5:25 | Huntress |
| 6:13 | Tree of Ages |
| 6:30 | Strength of the Moon |
| 6:30 | Moon Armor |
| 6:31 | Ultravision |
| 6:54 | Tree of Life |
| 7:19 | Moon Well |
| 7:51 | Mana Burn |
| 7:55 | Scroll of Town Portal |
| 7:55 | Potion of Lesser Invulnerability |
| 8:21 | Moon Well |
| 9:28 | Moon Well |
| 9:37 | Wisp |
| 9:37 | Wisp |
| 9:37 | Wisp |
| 9:38 | Wisp |
| 9:40 | Wisp |
| 9:57 | Tree of Eternity |
| 10:01 | Ancient of Wind |
| 10:07 | Ancient of Lore |
| 10:14 | Moon Well |
| 10:34 | Moon Well |
| 10:38 | Improved Bows |
| 10:52 | Moon Glaive |
| 10:52 | Huntress |
| 10:52 | Huntress |
| 11:29 | Wisp |
| 11:29 | Wisp |
| 11:29 | Wisp |
| 11:30 | Wisp |
| 11:30 | Wisp |
| 12:20 | Chimaera Roost |
| 12:22 | Wisp |
| 12:22 | Wisp |
| 12:22 | Wisp |
| 12:22 | Wisp |
| 12:22 | Wisp |
| 12:23 | Wisp |
| 12:23 | Wisp |
| 12:33 | Wisp |
| 12:33 | Wisp |
| 12:33 | Wisp |
| 12:33 | Wisp |
| 12:33 | Wisp |
| 12:39 | Black Arrow |
| 13:03 | Tree of Life |
| 13:09 | Chimaera Roost |
| 13:13 | Chimaera Roost |
| 13:19 | Ancient of Wind |
| 13:43 | Strength of the Wild |
| 14:45 | Corrosive Breath |
| 14:46 | Chimaera |
| 14:46 | Chimaera |
| 14:46 | Chimaera |
| 15:34 | Ancient of Wind |
| 15:45 | Tree of Life |
| 16:23 | Improved Strength of the Wild |
| 16:24 | Reinforced Hides |
| 16:24 | Improved Reinforced Hides |
| 16:25 | Hippogryph |
| 16:25 | Hippogryph |
| 16:25 | Hippogryph |
| 16:26 | Hippogryph |
| 16:26 | Hippogryph |
| 16:54 | Chimaera |
| 16:54 | Chimaera |
| 16:54 | Chimaera |
| 17:02 | Hippogryph |
| 17:02 | Hippogryph |
| 18:35 | Chimaera |
| 18:35 | Chimaera |
| 18:35 | Chimaera |
| 18:38 | Hippogryph |
| 18:38 | Hippogryph |
| 19:37 | Wisp |
| 19:37 | Wisp |
| 19:37 | Wisp |
| 19:37 | Wisp |
| 19:37 | Wisp |
| 19:56 | Abolish Magic |
| 20:06 | Chimaera |
| 20:06 | Chimaera |
| 21:03 | Hippogryph |
| 21:03 | Hippogryph |
| 21:03 | Hippogryph |
| 21:08 | Chimaera |
| 21:08 | Chimaera |
| 21:31 | Advanced Strength of the Wild |
| 21:31 | Advanced Reinforced Hides |
| 21:56 | Scroll of Town Portal |
| 21:58 | Potion of Lesser Invulnerability |
| 21:58 | Potion of Lesser Invulnerability |
| 22:50 | Tree of Life |
| 22:53 | Ancient of War |
| 23:39 | Evasion |
| 25:45 | Silence |
| 26:38 | Wisp |
| 26:38 | Wisp |
| 26:38 | Wisp |
| 26:38 | Wisp |
| 26:41 | Vorpal Blades |
| 29:28 | Nature's Blessing |
| 30:24 | Chimaera |
| 30:25 | Chimaera |
| 30:25 | Chimaera |
| 30:25 | Chimaera |
| 30:25 | Chimaera |
| 31:11 | Ancient of War |
| 31:13 | Ancient of War |
| 31:16 | Ancient of War |
| 31:23 | Ancient of War |
| 31:38 | Potion of Lesser Invulnerability |
| 31:46 | Boots of Speed |
| 32:28 | Ancient of Wonders |
| 32:51 | Chimaera |
| 32:51 | Chimaera |
| 32:51 | Chimaera |
| 32:51 | Chimaera |
| 33:38 | Dryad |
| 33:38 | Dryad |
| 33:38 | Dryad |
| 33:38 | Dryad |
| 34:41 | Potion of Lesser Invulnerability |
| 39:26 | Potion of Lesser Invulnerability |
| 39:44 | Wisp |
| 39:44 | Wisp |
| 39:44 | Wisp |
| 39:44 | Wisp |
| 39:44 | Wisp |
| 42:38 | Chimaera |
| 42:38 | Chimaera |
| 42:38 | Chimaera |
| 42:38 | Chimaera |
| 44:35 | Chimaera |
| 44:35 | Chimaera |
| 44:35 | Chimaera |
| 44:36 | Chimaera |
| 45:37 | Troll Berserker |
| 45:37 | Troll Berserker |
| 45:37 | Troll Berserker |
| 45:37 | Troll Berserker |
| 45:38 | Troll Berserker |
| 45:38 | Troll Berserker |
| 45:38 | Troll Berserker |
| 45:40 | Shaman |
| 45:41 | Shaman |
| 46:02 | Well Spring |
| 46:09 | Chimaera |
| 46:10 | Chimaera |
| 46:44 | Dryad |
| 46:44 | Dryad |
| 46:44 | Dryad |
| 46:44 | Dryad |
| 47:56 | Black Arrow |
| 48:22 | Ancient of War |
| 48:44 | Shaman |
| 48:44 | Shaman |
| 48:44 | Shaman |
| 48:44 | Shaman |
| 48:44 | Shaman |
| 48:44 | Shaman |
| 48:59 | Troll Berserker |
| 49:00 | Troll Berserker |
| 49:00 | Troll Berserker |
| 49:00 | Troll Berserker |
| 50:27 | Mana Burn |
| 53:09 | Witch Doctor Adept Training |
| 53:09 | Witch Doctor Master Training |
| Right click | 1685 |
| Select group | 566 |
| Select | 565 |
| Misc. action | 339 |
| Build/train/purchase | 238 |
| Use ability | 124 |
| Assign group | 66 |
| Esc | 24 |
| Item give/drop | 5 |
| Minimap ping | 2 |